 Dungeon Crawl Stone Soup version 0.30-a0-605-gb2882149bf (webtiles) character file.

Game seed: 4187270838115053925

338 wormed the Changer (level 6, -6/45 HPs)
             Began as an Octopode Transmuter on Jan 8, 2023.
             Mangled by an ogre
             ... wielding a +0 giant club
              (18 damage)
             ... on level 5 of the Dungeon.
             The game lasted 00:04:46 (4066 turns).

wormed the Changer (Octopode Transmuter)            Turns: 4066, Time: 00:04:46

Health: -6/45      AC:  6    Str:  9      XL:     6   Next: 55%
Magic:  6/11       EV: 10    Int: 18      God:
Gold:   1194       SH:  0    Dex: 11 (12) Spells: 5/12 levels left

rFire   x . .      SeeInvis +      - Unarmed
rCold   + + +      Faith    .    (shield currently unavailable)
rNeg    . . .      Spirit   .    (helmet currently unavailable)
rPois   +          Reflect  .    (no amulet)
rElec   .          Harm     .    a - ring of see invisible
rCorr   .          Rampage  .    (no ring)
Will    .....                    (no ring)
Stlth   +                        (no ring)
HPRegen 0.27/turn                (no ring)
MPRegen 0.12/turn                (no ring)
                                 (no ring)
                                 (no ring)

@: lethally poisoned (-6 -> -7), ice-form, wereblooded
A: freezing attack, boosted hp, almost no armour, amphibious, 8 rings, large,
(camouflage 1), (gelatinous body 1), (nimble swimmer 1), (tentacles)
a: End Transformation


You were on level 5 of the Dungeon.
You were a creature of crystalline ice.
You visited 1 branch of the dungeon, and saw 5 of its levels.

You collected 1194 gold pieces.

Inventory:

Jewellery
 a - a ring of see invisible (left front paw)
 c - the ring of the Salamander {Ice rN+ Str+3}
   (You found it on level 3 of the Dungeon)

   [ring of ice]

   It enhances your ice magic.
   Str:       It affects your strength (+3).
   rF:        It makes you vulnerable to fire.
   rC:        It protects you from cold.
   rN:        It protects you from negative energy.
Wands
 d - a wand of polymorph (17)
 k - a wand of iceblast (12)
Scrolls
 b - a scroll of identify
 g - a scroll of vulnerability
Potions
 e - 3 potions of curing
 f - 2 potions of haste
 h - 3 potions of ambrosia {unknown}
 i - a potion of magic {unknown}
 j - a potion of might {unknown}
 l - a potion of degeneration {unknown}
 m - a potion of cancellation {unknown}


   Skills:
 + Level 1.1 Fighting
 + Level 2.1 Dodging
 + Level 3.1 Unarmed Combat
 + Level 3.7 Spellcasting
 + Level 4.1 Transmutations
 + Level 3.4 Ice Magic


You had 5 spell levels left.
You knew the following spells:

 Your Spells              Type           Power      Damage    Failure   Level
a - Beastly Appendage     Tmut           36%        N/A       2%          1
b - Wereblood             Tmut           18%        N/A       4%          2
c - Ice Form              Ice/Tmut       16%        N/A       32%         4

Your spell library contained the following spells:

 Spells                   Type           Power      Damage    Failure   Level
 Kiss of Death            Conj/Necr      12%        2d6       16%         1
 Necrotise                Necr           12%        1d4       16%         1
 Spider Form              Tmut/Pois      10%        N/A       21%         3
 Confusing Touch          Hex            3%         N/A       41%         3
 Vampiric Draining        Necr           3%         2d6       41%         3
 Dispel Undead            Necr           3%         3d7       83%         4
 Agony                    Necr           3%         N/A       99%         5
 Iskenderun's Battlesphe  Conj           3%         2d6       99%         5
 Iron Shot                Conj/Erth      1%         9d1       100%        6
 Spellforged Servitor     Conj/Summ      1%         N/A       100%        7


Dungeon Overview and Level Annotations

Branches:
Dungeon (5/15)
 Temple: D:4-7

Altars:
Makhleb
Qazlal

Shops:
D:3 [


Innate Abilities, Weirdness & Mutations

You are a creature of crystalline ice.
You have a powerful freezing melee attack.
Your maximum health is increased.
Your armour is entirely melded.
You are incapable of wielding weapons or throwing items.
You cannot wear most types of armour.
You are amphibious.
You can wear up to eight rings at the same time.
((Your skin changes colour to match your surroundings (Stealth+).))
((Your rubbery body absorbs attacks. (AC +1, EV +1)))
((You are camouflaged when in or above water. (Stealth+)))
((You have tentacles for arms and can constrict up to eight enemies at once.))


Message History

The quasit is severely wounded.
The quasit bites you.
The quasit claws you but does no damage.
The quasit barely misses you.
A gnoll comes into view. It is wielding a +0 club.
The quasit misses you.
The quasit claws you but does no damage.
The quasit barely misses you.
The gnoll shouts!
You punch the quasit! You freeze the quasit.
You feel a bit better.
You kill the quasit!
You howl as the wereblood boils in your veins!
You punch the adder! You freeze the adder.
The adder is almost dead.
The adder bites you.
You are poisoned.
The adder poisons you!
You punch the adder! You freeze the adder.
You feel a bit better.
You kill the adder!
You howl as the wereblood boils in your veins!
You feel sick.
You punch the ogre! You freeze the ogre.
The ogre is heavily wounded.
The ogre hits you with a +0 giant club.
You completely miss the ogre.
The ogre is heavily wounded.
You howl as the wereblood boils in your veins!
You feel sick.
You punch the ogre! You freeze the ogre.
The ogre is almost dead.
You howl as the wereblood boils in your veins!
You feel sick.
The ogre hits you with a +0 giant club!!
Ouch! That really hurt!
* * * LOW HITPOINT WARNING * * *
You completely miss the ogre.
The ogre is almost dead.
You feel sick.
The ogre hits you with a +0 giant club!!
You die...

............................
########.......###.♣P.#####.
###...###...P.♣# #...#
#...P..# ##.## #.#..PP#
#.####.####.####.#
#...........# <#
#.####.###### .# #Y# #O#
#5g..O..[ #........
......... ##....... .....#.
...### ..##


You could see an ogre, a quasit and a gnoll.

Vanquished Creatures
  A black bear (D:4)
  A jelly (D:4)
  A quasit (D:5)
  A hound (D:4)
  An iguana (D:4)
  6 adders
  An ufetubus (D:5)
  A worm (D:4)
  2 dart slugs
  10 ball pythons
  3 endoplasms
  2 giant cockroaches
  5 goblins (D:4)
  8 hobgoblins
  7 jackals (D:1)
  3 quokkas
  2 bats
  3 frilled lizards
  A kobold (D:1)
  4 rats
63 creatures vanquished.

Notes
Turn   | Place    | Note
-------+----------+-------------------------------------------
     0 | D:1      | wormed the Octopode Transmuter began the quest for the Orb.
     0 | D:1      | Reached XP level 1. HP: 13/13 MP: 3/3
    85 | D:1      | Reached XP level 2. HP: 14/18 MP: 3/5
   145 | D:1      | Reached skill level 1 in Ice Magic
   468 | D:1      | Reached XP level 3. HP: 23/23 MP: 4/6
   892 | D:1      | Found a faded altar of an unknown god.
  1143 | D:2      | Learned a level 2 spell: Wereblood
  1242 | D:2      | Found a stormy altar of Qazlal.
  1797 | D:2      | Identified a scroll of acquirement
  1797 | D:2      | Acquired 936 gold pieces
  1808 | D:3      | Reached XP level 4. HP: 28/28 MP: 4/8
  1813 | D:3      | Learned a level 4 spell: Ice Form
  1945 | D:3      | Found Leushrim's Antique Armour Boutique.
  2436 | D:3      | Identified the ring of the Salamander {Ice rN+ Str+3}
  2453 | D:3      | Reached skill level 3 in Transmutations
  3292 | D:4      | Reached XP level 5. HP: 20/33 MP: 7/9
  3416 | D:4      | Found a burning altar of Makhleb.
  3500 | D:4      | Noticed a black bear
  3532 | D:4      | Killed a black bear
  3533 | D:4      | Reached XP level 6. HP: 38/38 MP: 4/11
  3598 | D:4      | Reached skill level 4 in Transmutations
  3995 | D:5      | Entered Level 5 of the Dungeon
  4066 | D:5      | Mangled by an ogre

Illustrated notes

Levels and vault maps discovered:
D:1:      heliophobic_arrival_ceremonial_halls, layout_loops_ring,
          dilly_ecumenical_altar_fadedgnrine
D:2:      layout_basic, basic_altar, st_stairs_9, minivault_5
D:3:      layout_basic, serial_shops,
          nicolae_shop_temple_entry_statues_fountains
D:4:      layout_loops_cross, mainiacjoe_overflow_six_doors_small,
          chequers_mini_garden
D:5:      layout_loops_ring, serial_demonic, serial_demonic_g, serial_demonic_b,
          serial_demonic_a, serial_demonic_c, minmay_misc_feat_rugged

Skill      XL: |  1  2  3  4  5  6 |
---------------+-------------------+-----
Ice Magic      | 1 2 3 |  3.4
Transmutations | 3 4 |  4.1
Spellcasting   | 3 |  3.7
Fighting       | |  1.1
Dodging        | |  2.1
Unarmed Combat | |  3.1

Action                   |  1- 3 |  4- 6 || total
-------------------------+-------+-------++-------
Melee: Unarmed           |    76 |    81 ||   157
       Constrict         |    19 |    12 ||    31
       Kick              |    17 |    18 ||    35
       Tentacles         |    12 |     6 ||    18
       Punch             |     1 |       ||     1
 Cast: Beastly Appendage |    19 |    16 ||    35
       Wereblood         |     4 |    16 ||    20
       Ice Form          |       |     4 ||     4
  Use: Potion            |     1 |       ||     1
       Scroll            |     4 |     2 ||     6
 Stab: Sleeping          |     5 |     2 ||     7
Armor: Skin              |    16 |    13 ||    29
Dodge: Dodged            |    53 |    49 ||   102

Table legend: (Time is in decaauts)
 A = Elapsed time spent in this place.
 B = Non-inter-level travel time spent in this place.
 C = Inter-level travel time spent in this place.
 D = Time resting spent in this place.
 E = Time spent auto-exploring this place.
 F = Levels seen in this place.
 G = Mean time per level.
                   A        B        C        D        E       F      G
               +--------+--------+--------+--------+--------+-----+--------+
         Total |   4055 |   3865 |    190 |    155 |   3169 |   5 |  811.0 |
       Dungeon |   4055 |   3865 |    190 |    155 |   3169 |   5 |  811.0 |
               +--------+--------+--------+--------+--------+-----+--------+

Top non-repeatable levels by time:
     D:4: 1101 daAuts
     D:3: 1087 daAuts
     D:1: 915 daAuts
     D:2: 881 daAuts
     D:5: 70 daAuts
